Map: Daybreak LE (Void)

Players

MonEwok

  • Race: Terran Terran
  • League: Diamond
  • Spawn Location: 1:00

Musumeci - Winner!

  • Race: Zerg Zerg
  • League: Diamond
  • Spawn Location: 7:00

VOD

Have the link to the VOD?

Description

Time

  • Played on: Dec. 22, 2016, 10:41 a.m.
  • Length: 11:22
Show
View Real Time Build Order
Export as new Build Order

MonEwok Terran 

Build Orders: MMM Bio 

Get SALT Encoding   

  12  0:00  SCV  
  13  0:13  SCV  
  14  0:18  Supply Depot  
  14  0:25  SCV  
  15  0:30  Refinery  
  15  0:39  SCV  
  16  0:46  Barracks  
  16  0:51  SCV  
  17  1:03  SCV  
  18  1:16  SCV  
  19  1:28  SCV  
  20  1:34  Reaper  
  22  1:52  Orbital Command  
  21  2:02  Command Center  
  21  2:12  Supply Depot  
  21  2:15  Barracks Tech Lab  
  21  2:18  SCV  
  22  2:27  Factory  
  22  2:31  SCV  
  23  2:39  Marine, Stimpack  
  25  2:44  SCV  
  25  2:47  Refinery  
  25  2:56  SCV  
  25  2:57  Barracks  
  26  3:00  Marine  
  27  3:08  SCV  
  28  3:14  Factory Reactor  
  28  3:18  Marine  
  29  3:23  Starport  
  29  3:26  SCV  
  31  3:28  Orbital Command  
  30  3:49  Bunker  
  30  3:55  Barracks Reactor, Marine  
  30  4:02  Engineering Bay  
  31  4:06  SCV x2  
  31  4:09  Medivac x2  
  37  4:16  Marine  
  38  4:18  Factory Tech Lab, SCV  
  38  4:21  Supply Depot  
  39  4:25  SCV  
  39  4:30  SCV  
  41  4:32  Marine x2  
  41  4:36  Supply Depot  
  41  4:37  SCV  
  44  4:40  Supply Depot, Terran Infantry Weapons Level 1  
  44  4:41  Marine  
  45  4:49  Marine x2  
  45  4:50  SCV x2  
  49  5:00  Marine  
  49  5:02  SCV  
  49  5:05  Siege Tank  
  54  5:08  SCV  
  54  5:10  Marine  
  56  5:14  SCV  
  56  5:16  Marine  
  56  5:20  SCV  
  59  5:25  Command Center  
  59  5:26  Marine  
  60  5:28  Marine  
  60  5:34  Marine  
  62  5:41  Siege Tank  
  65  5:44  Marine  
  65  5:48  Supply Depot  
  65  5:49  Supply Depot  
  66  5:50  Barracks  
  66  5:53  SCV x2, Barracks  
  66  5:56  Barracks  
  68  5:58  Marine x2  
  70  6:10  Marine  
  71  6:13  Supply Depot  
  71  6:17  Liberator  
  71  6:18  Armory, Engineering Bay  
  71  6:29  Marine x3  
  71  6:31  SCV  
  71  6:32  Siege Tank  
  78  6:36  SCV  
  82  6:42  Liberator  
  82  6:43  SCV  
  83  6:48  SCV  
  84  7:00  SCV x2  
  86  7:01  Orbital Command  
  86  7:06  Barracks Reactor, Refinery x2, Barracks Tech Lab  
  86  7:10  Marine x4  
  86  7:15  SCV  
  91  7:27  Marine  
  91  7:28  Marauder, Marine x3  
  90  7:45  Marine x3  
  93  7:55  Marine x2  
  93  7:56  Marine x2  
  93  7:57  Siege Tank  
  100  8:02  Combat Shields  
  100  8:03  Marine x2  
  102  8:10  Marine  
  103  8:13  Marine x2  
  103  8:14  Marauder  
  107  8:22  Orbital Command  
  105  8:27  Marine x2  
  105  8:28  Marauder  
  105  8:31  Marine  
  105  8:32  Marine  
  105  8:33  Marine  
  109  8:36  Marauder  
  109  8:40  Terran Infantry Weapons Level 2  
  109  8:45  Marine, Terran Infantry Armor Level 1  
  109  8:51  Marine x3  
  109  8:52  Marauder  
  98  8:58  Marauder  
  98  9:01  Marine  
  92  9:02  Marine  
  92  9:09  Marine x3  
  91  9:14  Marauder  
  91  9:16  SCV  
  91  9:17  SCV x2  
  93  9:19  Marine x2  
  93  9:20  Marine  
  93  9:24  Siege Tank  
  99  9:25  Medivac x2  
  99  9:27  Marine x3  
  106  9:35  Marauder  
  106  9:36  Marine  
  109  9:41  Supply Depot  
  109  9:44  Supply Depot x2  
  109  9:45  Liberator, Supply Depot  
  109  9:48  Liberator  
  109  10:02  Marine  
  109  10:03  Marauder, SCV x2  
  109  10:05  SCV, Marine x5  
  125  10:21  Marauder  
  127  10:23  Marine x5  
  106  10:30  Marine  
  94  10:40  Marine x4  
  94  10:41  Marine  
  94  10:42  Marauder  
  94  10:48  Marauder  
  84  10:58  Marine x4  
  84  10:59  Marine  
Show
View Real Time Build Order
Export as new Build Order

Musumeci Zerg - Winner!

Build Orders: Hatch First 

Get SALT Encoding   

  12  0:01  Drone  
  13  0:09  Drone  
  13  0:13  Extractor  
  13  0:15  Drone  
  15  0:40  Hatchery  
  14  0:51  Drone, Extractor  
  15  1:06  Spawning Pool  
  13  1:18  Drone  
  13  1:21  Extractor  
  13  1:22  Drone x2, Extractor  
  16  1:29  Overlord  
  16  1:48  Drone  
  16  1:51  Drone  
  16  1:53  Queen, Drone  
  21  1:55  Queen  
  23  2:06  Drone x2  
  25  2:12  Overlord  
  25  2:14  Drone  
  26  2:23  Drone  
  27  2:30  Queen  
  27  2:31  Queen  
  31  2:39  Drone  
  31  2:40  Drone x2  
  34  2:44  Overlord  
  34  2:46  Drone  
  35  2:55  Drone  
  36  3:00  Overlord  
  36  3:04  Drone x5  
  41  3:06  Drone  
  42  3:13  Drone  
  42  3:14  Drone  
  42  3:18  Extractor  
  43  3:20  Drone  
  43  3:21  Extractor  
  43  3:22  Drone, Roach Warren  
  43  3:30  Overlord  
  43  3:39  Overlord  
  43  3:55  Evolution Chamber  
  43  3:57  Evolution Chamber  
  43  4:00  Overlord  
  43  4:01  Drone x5  
  46  4:03  Roach  
  46  4:07  Roach  
  46  4:09  Hatchery  
  49  4:12  Roach  
  51  4:23  Roach x2  
  51  4:24  Roach  
  57  4:35  Extractor  
  57  4:37  Drone x3  
  59  4:42  Lair  
  59  4:44  Drone x3  
  62  4:46  Extractor  
  61  5:06  Drone x4  
  66  5:07  Drone  
  66  5:08  Roach  
  66  5:13  Zerg Missile Weapons Level 1  
  68  5:28  Roach  
  68  5:29  Roach x2  
  74  5:42  Overlord x3  
  74  5:43  Overlord x2  
  74  5:50  Zerg Ground Armor Level 1  
  74  6:01  Drone x8  
  74  6:03  Extractor  
  81  6:05  Roach  
  81  6:06  Ravager x3  
  86  6:14  Extractor  
  86  6:15  Roach x6  
  97  6:21  Glial Reconstitution  
  97  6:24  Roach  
  97  6:25  Roach x6  
  111  6:32  Roach  
  113  6:46  Overlord x4  
  109  7:02  Roach x2  
  109  7:03  Ravager  
  109  7:04  Ravager  
  109  7:05  Ravager  
  109  7:06  Ravager x3  
  119  7:16  Drone  
  119  7:17  Drone x16  
  136  7:40  Roach x2  
  136  7:41  Roach x3  
  146  8:05  Overlord  
  146  8:06  Overlord x5  
  133  8:42  Hatchery  
  132  8:55  Roach x8  
  134  8:56  Roach x11  
  134  9:00  Ravager x2  
  141  9:49  Ravager x8  
  141  9:50  Ravager x12  
  161  9:58  Drone x9  
  170  10:00  Drone x4  
  170  10:04  Overseer  
  174  10:14  Spore Crawler  
  174  10:15  Spore Crawler  
  174  10:17  Roach  
  174  10:18  Roach x9  
  174  10:19  Spore Crawler  
  174  10:20  Spore Crawler  
  163  10:53  Roach x7  
  163  10:54  Roach x9  
Tags
 
Composition
MMM Bio
Matchup
TvZ
Replay Pack
replay pack
Spawn Locations
Cross Positions
Add a new tag
Caveats
  • Supply blocks, unpowered buildings, or Contaminate may cause inaccurate times.
  • Supply counts are checked every 10 seconds.